 Dungeon Crawl Stone Soup version 0.26-a0-784-g51bffae0b1 (webtiles) character file.

Game seed: 15104717580658800568

49 Kinoniko the Skirmisher (level 3, 0/33 HPs)
             Began as a Hill Orc Fighter on Nov 10, 2020.
             Succumbed to an adder's poison
             ... on level 2 of the Dungeon.
             The game lasted 00:00:54 (1318 turns).

Kinoniko the Skirmisher (Hill Orc Fighter)          Turns: 1318, Time: 00:00:54

Health: 0/33       AC:  6    Str: 18    XL:     3   Next: 75%
Magic:  2/2        EV:  7    Int:  8    God:
Gold:   49         SH:  9    Dex: 13    Spells: 2/2 levels left

rFire    . . .     SeeInvis .   a - +0 long sword
rCold    . . .     Faith    .   c - +0 kite shield
rNeg     . . .     Spirit   .   b - +0 scale mail
rPois    .         Reflect  .   (no helmet)
rElec    .         Harm     .   (no cloak)
rCorr    .         Rampage  .   (no gloves)
MR       .....                  (no boots)
Stlth    ..........             (no amulet)
HPRegen  0.11/turn              (no ring)
MPRegen  0.08/turn              (no ring)

@: mighty, lethally poisoned (0 -> -10)
A: agile 1, low mp 1
a: no special abilities


You were on level 2 of the Dungeon.
You visited 1 branch of the dungeon, and saw 2 of its levels.

You collected 49 gold pieces.

Inventory:

Hand Weapons
 a - a +0 long sword (weapon)
Armour
 b - a +0 scale mail (worn)
 c - a +0 kite shield (worn)
Jewellery
 h - an uncursed ring of fire {unknown}
Scrolls
 g - 3 scrolls of enchant weapon {unknown}
 j - a scroll of blinking {unknown}
 k - 2 scrolls of teleportation {unknown}
 l - a scroll of fog {unknown}
 m - a scroll of identify {unknown}
Potions
 f - 3 potions of curing {unknown}
 i - a potion of lignification {unknown}


   Skills:
 + Level 4.0 Fighting
 * Level 3.1 Long Blades
 + Level 3.6 Armour
 + Level 0.4 Dodging
 + Level 3.6 Shields


You had 2 spell levels left.
You didn't know any spells.
Your spell library was empty.

Dungeon Overview and Level Annotations

Branches:
Dungeon (2/15)

Altars:


Innate Abilities, Weirdness & Mutations

You are agile. (Dex +2)
Your magical capacity is low. (-10% MP)


Message History

The adder is heavily wounded.
* * * LOW HITPOINT WARNING * * *
You feel sick. You block the adder's attack. x2
Unknown command.
You feel very mighty all of a sudden.
* * * LOW HITPOINT WARNING * * *
You feel sick. You block the adder's attack.
Your shield and scale mail prevent you from hitting the adder.
The adder is heavily wounded.
* * * LOW HITPOINT WARNING * * *
You feel sick. The adder bites you.
* * * LOW HITPOINT WARNING * * *
You block the adder's attack.
You slash the adder!
You kill the adder!
* * * LOW HITPOINT WARNING * * *
You feel sick.
It was a potion of mutation.
You feel extremely strange.
You feel less energetic.
You feel agile.
You die...

...........#
##.........#######
#.........#.....#
....<.....#.###.#
...##.#.[.....#!#
...+..#.###.#.#.#
.. ####.# #.#.#.#
#. #.#.#.# ..
#...#@##
#######).....#
#.....'......#
######...###......#
...........'......+
###.##...###......#
# #.##...# ########
###.##...#
.........#


There were no monsters in sight!

Vanquished Creatures
  2 adders (D:2)
  3 dart slugs
  A bat (D:1)
  2 giant cockroaches (D:1)
  6 goblins
  3 hobgoblins
  A quokka (D:2)
  A frilled lizard (D:1)
  3 kobolds
22 creatures vanquished.

Notes
Turn   | Place    | Note
-------+----------+-------------------------------------------
     0 | D:1      | Kinoniko the Hill Orc Fighter began the quest for the Orb.
     0 | D:1      | Reached XP level 1. HP: 19/19 MP: 1/1
   280 | D:1      | Reached XP level 2. HP: 25/27 MP: 2/2
  1061 | D:2      | Reached XP level 3. HP: 22/33 MP: 3/3
  1080 | D:2      | Reached skill level 4 in Fighting
  1317 | D:2      | HP: 1/33 [poisoned by an adder]
  1318 | D:2      | Gained mutation: Your magical capacity is low. (-10% MP)
                  | [potion of mutation]
  1318 | D:2      | Gained mutation: You are agile. (Dex +2) [potion of
                  | mutation]
  1318 | D:2      | Succumbed to an adder's poison

Illustrated notes

Levels and vault maps discovered:
D:1:      dpeg_arrival_rhombi, layout_loops_corners,
          minmay_misc_feat_more_columns, item_on_display_a
D:2:      layout_basic, xom_butterflies

Skill      XL: |  1  2  3 |
---------------+----------+-----
Long Blades    | 3 |  3.1
Fighting       | 4 |  4.0
Armour         | |  3.6
Dodging        | |  0.4
Shields        | |  3.6

Action                   || total
-------------------------++-------
Melee: Long sword        ||    80
  Use: Potion            ||     2
Armor: Scale mail        ||    29
Dodge: Dodged            ||    19
Block: Kite shield       ||    53
       Rpst.: Long sword ||     9

Table legend: (Time is in decaauts)
 A = Elapsed time spent in this place.
 B = Non-inter-level travel time spent in this place.
 C = Inter-level travel time spent in this place.
 D = Time resting spent in this place.
 E = Time spent auto-exploring this place.
 F = Levels seen in this place.
 G = Mean time per level.
                   A        B        C        D        E       F      G
               +--------+--------+--------+--------+--------+-----+--------+
         Total |   1346 |   1327 |     19 |    160 |    994 |   2 |  673.0 |
       Dungeon |   1346 |   1327 |     19 |    160 |    994 |   2 |  673.0 |
               +--------+--------+--------+--------+--------+-----+--------+

Top non-repeatable levels by time:
     D:1: 943 daAuts
     D:2: 402 daAuts
